 Dungeon Sprint DCSS version 0.19.1 (webtiles) character file.

425 dvd the Fighter (level 6, -3/72 HPs)
             Began as a Gargoyle Berserker on Dec 22, 2016.
             Was a Believer of Trog.
             Slain by a slime creature (10 damage)
             ... in the Dungeon (Sprint I: "Red Sonja").
             The game lasted 00:01:39 (725 turns).

dvd the Fighter (Gargoyle Berserker)                 Turns: 725, Time: 00:01:40

Health: -3/72      AC:  6    Str: 26    XL:     6   Next: 96%
Magic:  6/6        EV: 14    Int:  7    God:    Trog [**....]
Gold:   317        SH:  0    Dex: 11    Spells: 0 memorised, 5 levels left

rFire  . . .     SeeInvis .     a - +0 mace
rCold  . . .     Gourm    .     b - +0 animal skin
rNeg   + . .     Faith    .     (no shield)
rPois  ∞         Spirit   .     (no helmet)
rElec  +         Reflect  .     (no cloak)
rCorr  .         Harm     .     (no gloves)
MR     .....     NoTele   +     (no boots)
Stlth  ..........               (no amulet)
                                (no ring)
                                (no ring)

@: berserking, very quick
A: negative energy resistance 1, electricity resistance, unbreathing,
petrification resistance, rot immunity, AC +4
a: Berserk, Trog's Hand, Burn Spellbooks, Renounce Religion


You were in the Dungeon.
You worshipped Trog.
Trog was pleased with you.
You were not hungry.

You visited 1 branch You collected 317 gold pieces.

Inventory:

Hand Weapons
 a - a +0 mace (weapon)
Armour
 b - a +0 animal skin (worn)
Scrolls
 i - a scroll of blinking
 j - a scroll of magic mapping {unknown}
Potions
 d - a potion of curing
 e - a potion of heal wounds
 f - a potion of haste
 g - 2 potions of magic
 h - a potion of berserk rage


   Skills:
 + Level 9.8 Fighting
 + Level 9.8 Maces & Flails
 + Level 5.3 Armour
 + Level 4.6 Dodging
 + Level 0.2 Stealth


You had 5 spell levels left.
You didn't know any spells.

Dungeon Overview and Level Annotations

Branches:
Dungeon (1/1)

Altars:
Cheibriados
Dithmenos
Elyvilon
Fedhas
Gozag
Hepliaklqana
Kikubaaqudgha
Makhleb
Nemelex Xobeh
Okawaru
Qazlal
Ru
Sif Muna
Trog
Uskayaw
Vehumet
Xom
Yredelemnul
Zin
The Shining One
Jiyva
Lugonu

Shops:
D ?


Innate Abilities, Weirdness & Mutations

You are resistant to torment.
Your stone body is resilient. (AC +4)
You are immune to poison.
You resist negative energy. (rN+)
You are resistant to electric shocks. (rElec)
You can survive without breathing.
You are immune to petrification.
You are immune to rotting.


Message History

The slime creature is moderately wounded.
The slime creature hits you but does no damage.
You hit the slime creature but do no damage.
The slime creature is moderately wounded.
The slime creature hits you!
You sock the slime creature!
The slime creature is heavily wounded.
The slime creature hits you!
* * * LOW HITPOINT WARNING * * *
Unknown command.
A red film seems to cover your vision as you go berserk!
You feel yourself moving faster!
You feel mighty!
You feel a lot more hungry. The slime creature hits you!
* * * LOW HITPOINT WARNING * * *
You barely miss the slime creature.
The slime creature is moderately wounded.
You sock the slime creature!
The slime creature is severely wounded.
The slime creature hits you!
You die...

###################
#<.#..').#.)'..#__#
#..').#..'..#..@..+
#..#####'#####'#J_#
#..####..#...#.####
#..#__####..##[#
#..#_____##'#..+
#⌠⌠#_.∩...'..._#
####_..__##_.#'#
#_____###+#.#
####### ###


You could see a slime creature.

Vanquished Creatures
  Sigmund (D)
  A yak (D)
  An ogre (D)
  A jelly (D)
  Ijyb (D)
5 creatures vanquished.

Notes
Turn   | Place    | Note
-------+----------+-------------------------------------------
     0 | D        | dvd the Gargoyle Berserker began the quest for the Orb.
     0 | D        | Reached XP level 1. HP: 14/14 MP: 1/1
     1 | D        | Noticed Ijyb
    26 | D        | Killed Ijyb
    26 | D        | Reached skill level 5 in Fighting
    26 | D        | Reached XP level 2. HP: 7/21 MP: 2/2
    26 | D        | Reached XP level 3. HP: 9/26 MP: 3/3
   231 | D        | Noticed an ogre
   237 | D        | Killed an ogre
   237 | D        | Reached XP level 4. HP: 32/32 MP: 4/4
   271 | D        | Noticed Sigmund
   286 | D        | Killed Sigmund
   286 | D        | Reached ** piety under Trog
   286 | D        | Reached XP level 5. HP: 40/40 MP: 5/5
   286 | D        | Reached XP level 6. HP: 45/45 MP: 6/6
   332 | D        | Found a deep blue altar of Sif Muna.
   334 | D        | Found a radiant altar of Vehumet.
   433 | D        | Found Kodasuwe's Magic Scroll Emporium.
   433 | D        | Found an ancient bone altar of Kikubaaqudgha.
   433 | D        | Found a hazy altar of Hepliaklqana.
   433 | D        | Found a stormy altar of Qazlal.
   433 | D        | Found a hide-covered altar of Uskayaw.
   433 | D        | Found a blossoming altar of Fedhas.
   433 | D        | Found a bloodstained altar of Trog.
   433 | D        | Found an iron altar of Okawaru.
   433 | D        | Found a basalt altar of Yredelemnul.
   433 | D        | Found a glowing golden altar of the Shining One.
   433 | D        | Found a snail-covered altar of Cheibriados.
   433 | D        | Found a sacrificial altar of Ru.
   433 | D        | Found a glowing silver altar of Zin.
   433 | D        | Found a shadowy altar of Dithmenos.
   433 | D        | Found a white marble altar of Elyvilon.
   433 | D        | Noticed a yak
   448 | D        | Killed a yak
   448 | D        | Reached skill level 5 in Armour
   449 | D        | Found an opulent altar of Gozag.
   450 | D        | Found a sparkling altar of Nemelex Xobeh.
   715 | D        | Found a viscous altar of Jiyva.
   715 | D        | Found a corrupted altar of Lugonu.
   715 | D        | Noticed a slime creature
   716 | D        | Found a burning altar of Makhleb.
   716 | D        | Found a shimmering altar of Xom.
   725 | D        | Slain by a slime creature

Skill      XL: |  1  2  3  4  5  6 |
---------------+-------------------+-----
Fighting       | 5 6 8 9 |  9.8
Maces & Flails | 4 6 8 9 |  9.8
Dodging        | 2 3 4 |  4.6
Armour         | 3 4 5 |  5.3
Stealth        | |  0.2

Action                   |  1- 3 |  4- 6 || total
-------------------------+-------+-------++-------
Melee: Mace              |    29 |    39 ||    68
Invok: Berserk           |     1 |     3 ||     4
  Eat: Bread ration      |       |     1 ||     1
Armor: Animal skin       |     8 |     5 ||    13
Dodge: Dodged            |    14 |    15 ||    29
